 Dungeon Crawl Stone Soup version 0.30.0-29-ga12c61a403 (webtiles) character file.

Game seed: 12593085899596305292

43510 Fodor the Severer (level 13, -12/122 HPs)
             Began as a Minotaur Fighter on June 22, 2023.
             Was an Initiate of Gozag.
             Mangled by an ettin
             ... wielding a +0 dire flail
              (39 damage)
             ... on level 14 of the Dungeon.
             The game lasted 01:30:29 (15205 turns).

Fodor the Severer (Minotaur Fighter)               Turns: 15205, Time: 01:30:37

Health: -12/122    AC: 24    Str: 24    XL:     13   Next: 91%
Magic:  12/12      EV: 11    Int:  5    God:    Gozag
Gold:   2300       SH:  0    Dex: 12    Spells: 12/12 levels left

rFire   + . .        k - +6 broad axe (venom)
rCold   + + .        (no shield)
rNeg    . . .        t - +5 chain mail {rC+}
rPois   .            v - +2 hat
rElec   .            C - scarf {rC+ rF+}
rCorr   +            (no gloves)
SInv    .            (no boots)
Will    .....        h - amulet of regeneration Stlth
                     m - ring of resist corrosion
HPRegen 1.20/turn    K - +4 ring of protection
MPRegen 0.13/turn

%: no passive effects
@: gold aura
A: horns 2, retaliatory headbutt
a: Renounce Religion, Potion Petition, Call Merchant, Bribe Branch


You were on level 14 of the Dungeon.
You worshipped Gozag.
Gozag was most pleased with you.
You visited 2 branches of the dungeon, and saw 15 of its levels.
You also visited: Sewer.

You collected 3332 gold pieces.
You spent 894 gold pieces at shops.
You paid 138 gold pieces to Gozag.

Inventory:

Hand Weapons
 k - a +6 broad axe of venom (weapon)
 A - the +7 dagger of Irritation {antimagic, Fly rCorr}
   (You found it on level 4 of the Dungeon)

   Fly:       It grants you flight.
   rCorr:     It protects you from acid and corrosion.
 B - a +6 shortbow
 D - a +2 heavy flail
 N - the +6 shortbow "Impslayer" {drain, Dex+5}
   (You bought it in a shop on level 11 of the Dungeon)

   Dex:       It affects your dexterity (+5).
Missiles
 n - 37 poisoned darts
 y - 11 curare-tipped darts
Armour
 t - a +5 chain mail of cold resistance (worn)
 v - a +2 hat (worn)
 C - a scarf of resistance (worn)
 M - the -1 kite shield of Wyli Rus {Contam Fly rElec Int+5}
   (You acquired it on level 10 of the Dungeon)

   Int:       It affects your intelligence (+5).
   rElec:     It insulates you from electricity.
   Fly:       It grants you flight.
   Contam:    It causes magical contamination when unequipped.
Jewellery
 h - an amulet of regeneration (around neck)
 j - a ring of protection from fire
 m - a ring of resist corrosion (left hand)
 u - an amulet of guardian spirit
 x - a +6 ring of intelligence
 K - a +4 ring of protection (right hand)
 O - a ring of protection from fire
Wands
 a - a wand of polymorph (6)
 d - a wand of flame (33)
 e - a wand of iceblast (10)
 z - a wand of charming (8)
 I - a wand of quicksilver (15)
Scrolls
 f - 4 scrolls of silence
 g - 5 scrolls of blinking
 l - 12 scrolls of teleportation
 H - 2 scrolls of magic mapping
 L - 3 scrolls of identify
 P - 3 scrolls of poison
 Q - a scroll of amnesia
 R - a scroll of butterflies
 S - a scroll of fear
Potions
 b - 3 potions of lignification
 i - 3 potions of curing
 o - a potion of resistance
 p - 5 potions of mutation
 q - a potion of ambrosia
 r - a potion of haste
 s - 3 potions of flight
 w - 3 potions of magic
 E - a potion of might
 F - 2 potions of brilliance
 G - a potion of invisibility
 J - 3 potions of berserk rage
Miscellaneous
 c - a lightning rod (1/4) (quivered)


   Skills:
 + Level 13.0 Fighting
 + Level 3.0(4.0) Short Blades
 + Level 4.3(4.8) Long Blades
 + Level 17.2(18.0) Axes
 + Level 8.7(14.0) Maces & Flails
 + Level 2.3 Ranged Weapons
 + Level 14.0 Armour
 + Level 7.1 Dodging
 + Level 1.1 Stealth
 + Level 6.0 Shields
 + Level 1.6 Unarmed Combat
 + Level 1.0 Evocations


You had 12 spell levels left.
You didn't know any spells.
Your spell library contained the following spells:

 Spells                   Type           Power      Damage    Failure   Level
 Apportation              Tloc           0%         N/A       89%         1
 Necrotise                Necr           0%         1d4       89%         1
 Summon Small Mammal      Summ           0%         N/A       89%         1
 Cigotuvi's Dreadful Rot  Necr/Pois/Air  0%         N/A       96%         2
 Poisonous Vapours        Pois/Air       0%         N/A       96%         2
 Sublimation of Blood     Necr           0%         N/A       96%         2
 Gell's Gravitas          Tloc           0%         N/A       99%         3
 Ignite Poison            Fire/Tmut/Pois 0%         N/A       99%         3
 Mephitic Cloud           Conj/Pois/Air  0%         N/A       99%         3
 Portal Projectile        Hex/Tloc       0%         N/A       99%         3
 Teleport Other           Tloc           0%         N/A       99%         3
 Tukima's Dance           Hex            0%         N/A       99%         3
 Dispel Undead            Necr           0%         3d6       100%        4
 Petrify                  Tmut/Erth      0%         N/A       100%        4
 Sticky Flame             Conj/Fire      0%         2d3       100%        4
 Blade Hands              Tmut           0%         N/A       100%        5
 Freezing Cloud           Conj/Ice/Air   0%         6-21      100%        5
 Irradiate                Conj/Tmut      0%         3d11      100%        5
 Death Channel            Necr           0%         N/A       100%        6
 Dispersal                Tloc           0%         N/A       100%        6
 Ignition                 Fire           0%         3d3       100%        8


Dungeon Overview and Level Annotations

Branches:
Dungeon (14/15)            Temple (1/1) D:6            Lair (0/5) D:10
    Orc (0/2) D:9          Vaults (0/5) D:14          Sewer (visited)

Altars:
Ashenzari
Cheibriados
Dithmenos
Elyvilon
Fedhas
Gozag
Hepliaklqana
Kikubaaqudgha
Makhleb
Nemelex Xobeh
Okawaru
Qazlal
Ru
Sif Muna
Trog
Uskayaw
Vehumet
Wu Jian
Xom
Yredelemnul
Zin

Shops:
D:3 *   D:6 (   D:7 !   D:11 (

Annotations:
D:10 3 runed translucent doors, BONEBRO's ghost, journeyman HuAr


Innate Abilities, Weirdness & Mutations

You have a pair of horns on your head.
You reflexively headbutt those who attack you in melee.


Message History

The death knight hits you with a +1 battleaxe of freezing!
The death knight freezes you.
You slash the death knight!
The death knight looks as sick as possible!
The death knight is severely wounded.
You slice the death knight!!
You kill the death knight!
The yaktaur captain shoots a bolt.
The bolt hits you! The bolt burns you. The ettin hits you but does no damage.
The ettin hits you with a +0 dire flail!!
The yaktaur captain unwields a +1 arbalest of flaming.
It stops flaming.
The yaktaur captain barely misses you.
Things that are here:
3 gold pieces; a +1 battleaxe of freezing; a +0 chain mail You slice the yaktaur captain!!
The yaktaur captain looks as sick as possible!
The yaktaur captain is moderately wounded.
You slice the ettin!!
The ettin is poisoned.
The ettin hits you with a +0 dire flail!
The ettin hits you but does no damage.
You barely miss the yaktaur captain.
Your headbutt misses the yaktaur captain.
The yaktaur captain is moderately wounded.
You barely miss the ettin.
The yaktaur captain hits you but does no damage.
The ettin hits you with a +0 dire flail!
* * * LOW HITPOINT WARNING * * *
The ettin closely misses you.
You slice the yaktaur captain!!
The yaktaur captain is heavily wounded.
You slice the ettin!!
The ettin looks as sick as possible!
The yaktaur captain hits you!
* * * LOW HITPOINT WARNING * * *
You barely miss the yaktaur captain.
The yaktaur captain is heavily wounded.
You slash the ettin!
The ettin looks as sick as possible!
The ettin hits you but does no damage.
The ettin hits you with a +0 dire flail!!!
You die...
Your body crumbles into a pile of gold.

###.....############..
###.........##### #..
................#### #..
................)..# #..
...................###..
....................##..
.......$...........###..
...................# #..
.......@..........## #..
##....Cc.....###### ###
#####...##### # #...# #
##.## # #.# # #.# # ...
# ...☼.


You could see a yaktaur captain (extremely poisoned) and an ettin (extremely
poisoned).

Vanquished Creatures
  Gastronok (D:11)
  A tengu reaver (D:14)
  An ettin (D:14)
  A fire dragon (D:14)
  A vault guard (D:14)
  2 hydras
  2 two-headed ogres
  2 death knights
  5 centaur warriors
  3 boulder beetles
  A tengu warrior (D:14)
  4 skeletal warriors
  A glowing orange brain (D:10)
  2 wizards (D:14)
  An orc knight (D:14)
  Pikel (D:5)
  A phantasmal warrior (D:13)
  A manticore (D:14)
  7 ugly things
  5 cyclopes
  6 slime creatures (D:12)
  A gargoyle (D:12)
  Maggie (D:9)
  An efreet (D:14)
  A rime drake (D:10)
  A kobold demonologist (D:12)
  2 komodo dragons
  3 yaktaurs (D:13)
  A freezing wraith (D:14)
  8 trolls
  Sigmund (D:5)
  2 wraiths
  A culicivora (shapeshifter) (D:14)
  A shadow (D:10)
  4 vampires
  15 yaks (D:10)
  A wyvern (D:7)
  20 humans (D:14)
  2 steam dragons
  Eustachio (D:5)
  11 vampire mosquitoes
  Menkaure (D:5)
  Edmund (D:6)
  4 acid dragons
  5 ice beasts
  A black bear (D:6)
  A sky beast (D:8)
  5 orc warriors
  12 centaurs
  2 ogres
  2 wolves (D:10)
  A phantom (D:6)
  7 kobold brigands
  2 bullfrogs
  3 gnoll sergeants
  A scorpion (D:4)
  9 wights
  11 killer bees
  3 electric eels (D:12)
  6 howler monkeys
  4 hounds
  9 orc priests
  3 jellies
  A sleepcap (D:4)
  Terence (D:2)
  2 gnoll boudas
  4 iguanas
  18 orc wizards
  22 gnolls
  3 river rats
  15 adders
  A white imp (D:5)
  5 ufetubi
  5 worms
  4 dart slugs
  54 orcs
  11 endoplasms
  4 giant cockroaches
  4 goblins
  7 hobgoblins
  15 jackals
  27 kobolds
  5 quokkas
  14 ball pythons
  7 bats
  3 frilled lizards
  16 rats
468 creatures vanquished.

Vanquished Creatures (others)
  A wizard (D:14)
1 creature vanquished.

Grand Total: 469 creatures vanquished

Notes
Turn   | Place    | Note
-------+----------+-------------------------------------------
     0 | D:1      | Fodor the Minotaur Fighter began the quest for the Orb.
     0 | D:1      | Reached XP level 1. HP: 19/19 MP: 0/0
    73 | D:1      | Reached XP level 2. HP: 26/27 MP: 1/1
   471 | D:1      | Reached XP level 3. HP: 33/33 MP: 2/2
   751 | D:1      | Found a faded altar of an unknown god.
  1183 | D:2      | Reached XP level 4. HP: 36/40 MP: 3/3
  1601 | D:2      | Noticed Terence
  1610 | D:2      | Killed Terence
  1611 | D:2      | Reached skill level 1 in Dodging
  1825 | D:2      | Reached XP level 5. HP: 42/46 MP: 4/4
  2161 | D:3      | Reached skill level 1 in Axes
  2164 | D:3      | Reached skill level 5 in Armour
  2183 | D:3      | Found Heelaong's Assorted Antiques.
  2205 | D:3      | Bought a scroll of identify for 64 gold pieces
  2565 | D:4      | Found a blossoming altar of Fedhas.
  2576 | D:4      | Identified 2 scrolls of acquirement
  2630 | D:4      | Reached skill level 2 in Axes
  2691 | D:4      | Reached XP level 6. HP: 49/53 MP: 5/5
  2692 | D:4      | Identified the +7 dagger of Irritation {antimagic, Fly
                  | rCorr}
  2921 | D:4      | Reached skill level 3 in Axes
  3060 | D:4      | Reached skill level 5 in Fighting
  3304 | D:5      | Entered Level 5 of the Dungeon
  3305 | D:5      | Noticed Pikel
  3320 | D:5      | Killed Pikel
  3321 | D:5      | Reached skill level 6 in Axes
  3321 | D:5      | Reached XP level 7. HP: 32/61 MP: 6/6
  3476 | D:5      | Noticed Eustachio
  3505 | D:5      | Killed Eustachio
  3506 | D:5      | Reached XP level 8. HP: 56/70 MP: 7/7
  3507 | D:5      | Reached skill level 7 in Axes
  3941 | D:5      | Found a glowing drain.
  3945 | Sewer    | Entered a sewer
  4215 | Sewer    | Reached skill level 5 in Shields
  4221 | Sewer    | Reached skill level 1 in Short Blades
  4221 | Sewer    | Reached skill level 8 in Axes
  4259 | D:5      | Noticed Menkaure
  4265 | D:5      | Killed Menkaure
  4280 | D:5      | Noticed Sigmund
  4342 | D:5      | Killed Sigmund
  5017 | D:6      | Reached XP level 9. HP: 77/78 MP: 3/8
  5031 | D:6      | Reached skill level 1 in Unarmed Combat
  5408 | D:6      | Reached skill level 9 in Axes
  5608 | D:6      | Noticed Edmund
  5624 | D:6      | Killed Edmund
  5819 | D:6      | Found Boefeez's Antique Weapon Boutique.
  5847 | D:6      | Bought a glowing war axe for 143 gold pieces
  5880 | D:6      | Found a staircase to the Ecumenical Temple.
  5902 | Temple   | Entered the Ecumenical Temple
  6486 | D:7      | Found an opulent altar of Gozag.
  6558 | D:7      | Found Okhonwy's Distillery.
  6572 | D:7      | Reached skill level 1 in Ranged Weapons
  6814 | D:7      | Became a worshipper of Gozag Ym Sagoz the Greedy
  6896 | D:7      | Reached XP level 10. HP: 44/88 MP: 9/9
  7318 | D:8      | Reached skill level 1 in Maces & Flails
  7568 | D:8      | Found a snail-covered altar of Cheibriados.
  8615 | D:9      | Found a staircase to the Orcish Mines.
  9020 | D:9      | Noticed Maggie
  9034 | D:9      | Killed Maggie
  9035 | D:9      | Reached skill level 5 in Maces & Flails
  9317 | D:9      | Reached skill level 10 in Armour
  9328 | D:9      | Reached skill level 5 in Dodging
  9532 | D:10     | Entered Level 10 of the Dungeon
  9627 | D:10     | Reached XP level 11. HP: 82/95 MP: 10/10
  9629 | D:10     | Acquired the -1 kite shield of Wyli Rus {Contam Fly rElec
                  | Int+5}
  9632 | D:10     | Acquired a +4 broad axe of venom
  9688 | D:10     | Reached skill level 10 in Axes
  9709 | D:10     | Noticed a two-headed ogre
  9716 | D:10     | Killed a two-headed ogre
  9834 | D:10     | Found a staircase to the Lair.
  9911 | D:10     | Found a broken altar of Ashenzari.
 10393 | D:10     | Found a runed translucent gate.
 10393 | D:10     | Found a runed translucent gate.
 10393 | D:10     | Found a runed translucent gate.
 10393 | D:10     | Noticed a cyan ugly thing
 10393 | D:10     | Noticed a cyan ugly thing
 10393 | D:10     | Noticed a cyan ugly thing
 10393 | D:10     | Noticed a glowing orange brain
 10393 | D:10     | Noticed a purple ugly thing
 10394 | D:10     | Noticed a green ugly thing
 10427 | D:10     | Killed a glowing orange brain
 10435 | D:10     | Killed a purple ugly thing
 10436 | D:10     | Reached skill level 11 in Axes
 10436 | D:10     | Killed a purple ugly thing
 10439 | D:10     | Killed a red ugly thing
 10442 | D:10     | Killed a red ugly thing
 10445 | D:10     | Killed a red ugly thing
 10446 | D:10     | Reached skill level 10 in Fighting
 10465 | D:10     | Found a runed translucent gate.
 10465 | D:10     | Found a runed translucent gate.
 10465 | D:10     | Noticed a cacodemon
 10466 | D:10     | Noticed BONEBRO's ghost (journeyman HuAr)
 10470 | D:10     | Found a runed translucent gate.
 10470 | D:10     | Noticed a sea snake
 10471 | D:10     | a jumping spider changed into a swamp dragon
 10471 | D:10     | Noticed a swamp dragon (shapeshifter)
 10625 | D:11     | Noticed a boulder beetle
 10638 | D:11     | Killed a boulder beetle
 10639 | D:11     | Reached skill level 12 in Axes
 10670 | D:11     | Noticed Gastronok
 10682 | D:11     | Killed Gastronok
 10824 | D:11     | Noticed a boulder beetle
 10836 | D:11     | Killed a boulder beetle
 10837 | D:11     | Reached XP level 12. HP: 50/107 MP: 11/11
 11111 | D:11     | Reached skill level 13 in Axes
 11310 | D:11     | Found Hofredgh's Weapon Shoppe.
 11318 | D:11     | Bought the +6 shortbow "Impslayer" {drain, Dex+5} for 687
                  | gold pieces
 11804 | D:12     | Reached skill level 1 in Stealth
 11816 | D:12     | Noticed a two-headed ogre
 11825 | D:12     | Killed a two-headed ogre
 12002 | D:12     | Reached skill level 14 in Axes
 12921 | D:13     | Noticed a death knight
 12921 | D:13     | Noticed a centaur warrior
 12930 | D:13     | Killed a centaur warrior
 12948 | D:13     | Killed a death knight
 12955 | D:13     | Noticed a five-headed hydra
 12999 | D:13     | Killed a seven-headed hydra
 13000 | D:13     | Reached skill level 15 in Axes
 13216 | D:13     | Noticed a centaur warrior
 13219 | D:13     | Noticed a centaur warrior
 13223 | D:13     | Killed a centaur warrior
 13228 | D:13     | Killed a centaur warrior
 13229 | D:13     | Reached XP level 13. HP: 86/117 MP: 12/12
 14220 | D:14     | Found a gate to the Vaults.
 14227 | D:14     | Reached skill level 16 in Axes
 14422 | D:14     | Noticed a fire dragon
 14435 | D:14     | Killed a fire dragon
 14447 | D:14     | HP: 4/119 [ten-headed hydra (7)]
 15061 | D:14     | Noticed a tengu reaver
 15064 | D:14     | Reached skill level 17 in Axes
 15087 | D:14     | Killed a tengu reaver
 15094 | D:14     | Reached skill level 1 in Evocations
 15151 | D:14     | Noticed an ettin
 15160 | D:14     | Killed an ettin
 15196 | D:14     | Noticed an ettin
 15205 | D:14     | Mangled by an ettin

Illustrated notes

Levels and vault maps discovered:
D:1:      saegor_arrival_simple_a, layout_basic, ebering_ecumenical_altar_mist
D:2:      minmay_razor_zed, layout_basic, minmay_split_cup_large, uniq_terence
D:3:      layout_rooms, serial_shops, nicolae_shop_overgrown_old_shop,
          minivault_19
D:4:      layout_cave_pools, old_standard_altar, serial_forest,
          infiniplex_forest_clump_tiny, infiniplex_forest_lined_room_2,
          infiniplex_forest_clump_double, infiniplex_forest_join
D:5:      layout_loops_cross, gup_sewer_entry_bowl, hangedman_decor_opposing,
          uniq_menkaure, uniq_sigmund, uniq_eustachio, uniq_pikel
D:6:      layout_rooms, minmay_temple_entry_fiery, serial_shops, shop,
          uniq_edmund
D:7:      layout_gridville, mainiacjoe_overflow_swirl, serial_glass,
          glass_columns_c, glass_columns_a, serial_shops, shop_fountains
D:8:      layout_loops_corners, lemuel_round_altar, serial_park_tiny_pond
D:9:      nicolae_BIG_FREAKIN_CUBE, layout_layer_cave, hiddenorc2_lemuel,
          uniq_maggie
D:10:     layout_loops_ring, mainiacjoe_overflow_tiny_flanked,
          hellmonk_lair_entry_icy, ploomutoo_gammafunk_ghost_potion_laboratory
D:11:     layout_stronghold, serial_shops, nicolae_diamond_shop, uniq_gastronok
D:12:     layout_cave_pools, serial_bayou, serial_bayou_pond_b,
          serial_bayou_pond_c, serial_bayou_pond_c, serial_bayou_pond_d
D:13:     layout_loops_ring
D:14:     thingy_vault, layout_irregular_city, grunt_vaults_entry_tiered,
          doesnt_xom_only_xom
Temple:   nicolae_temple_bog_church

Skill      XL: |  1  2  3  4  5  6  7  8  9 10 11 12 13 |
---------------+----------------------------------------+-----
Armour         | 4 5 6 7 9 10 11 12 14 | 14.0
Long Blades    | 3 4 |  4.3
Shields        | 4 5 6 |  6.0
Fighting       | 4 5 6 7 8 10 11 13 | 13.0
Dodging        | 1 2 3 5 6 7 |  7.1
Axes           | 2 6 8 9 12 15 17 | 17.2
Short Blades   | 2 3 |  3.0
Unarmed Combat | 1 |  1.6
Ranged Weapons | 1 2 |  2.3
Maces & Flails | 7 8 |  8.7
Stealth        | 1 |  1.1
Evocations     | 1 |  1.0

Action                     |  1- 3 |  4- 6 |  7- 9 | 10-12 | 13-15 || total
---------------------------+-------+-------+-------+-------+-------++-------
  Melee: Long sword        |    96 |    10 |       |       |       ||   106
         Headbutt          |    16 |    25 |    44 |    84 |    56 ||   225
         War axe           |       |   151 |   164 |       |       ||   315
         Dagger            |       |       |    62 |       |       ||    62
         Unarmed           |       |       |    15 |       |       ||    15
         Flail             |       |       |    19 |   216 |       ||   235
         Punch             |       |       |       |    14 |     6 ||    20
         Broad axe         |       |       |       |   267 |   193 ||   460
   Fire: Shortbow          |       |       |    27 |    15 |       ||    42
  Evoke: Lightning rod     |       |       |       |     2 |     5 ||     7
    Use: Scroll            |       |    13 |     5 |    10 |     2 ||    30
         Potion            |       |       |    11 |     8 |     2 ||    21
   Stab: Distracted        |       |       |       |     2 |       ||     2
 Armour: Scale mail        |    47 |    11 |       |       |       ||    58
         Chain mail        |       |   104 |   189 |   416 |   210 ||   919
         Skin              |       |       |     1 |       |       ||     1
  Dodge: Dodged            |    69 |    76 |   207 |   337 |   133 ||   822
  Block: Buckler           |    28 |    30 |    53 |       |       ||   111
